 Dungeon Crawl Stone Soup version 0.20.0-7-g3b7b877 (webtiles) character file.

14865 Chiseanne the Nimble (level 11, -1/102 HPs)
             Began as a Minotaur Gladiator on May 29, 2017.
             Was an Elder of Makhleb.
             Slain by a war gargoyle
             ... wielding a +0 flail
              (17 damage)
             ... on level 11 of the Dungeon.
             The game lasted 00:24:12 (11198 turns).

Chiseanne the Nimble (Minotaur Gladiator)          Turns: 11198, Time: 00:24:12

Health: -1/102     AC: 17    Str: 18    XL:     11   Next: 94%
Magic:  0/17       EV: 18    Int:  5    God:    Makhleb [****..]
Gold:   734        SH:  0    Dex: 16    Spells: 10/10 levels left

rFire    . . .     SeeInvis .   a - +0 war axe
rCold    . . .     Gourm    .   (no shield)
rNeg     . . .     Faith    .   O - quicksilver dragon scales
rPois    .         Spirit   +   c - +1 hat
rElec    .         Reflect  .   B - +2 cloak {+Inv}
rCorr    .         Harm     .   (no gloves)
MR       +....                  (no boots)
Stlth    +.........             P - amulet of guardian spirit
Regen    0.3/turn               G - +2 ring of slaying
MPRegen  0.2/turn               k - +3 ring of protection

@: very slightly contaminated, invisible (expiring)
A: retaliatory headbutt, horns 2
a: Minor Destruction, Lesser Servant of Makhleb, Major Destruction, Renounce
Religion


You were on level 11 of the Dungeon.
You worshipped Makhleb.
Makhleb was greatly pleased with you.
You were hungry.

You visited 1 branch of the dungeon, and saw 12 of its levels.

You collected 734 gold pieces.

Inventory:

Hand Weapons
 a - a +0 war axe (weapon)
 o - a +0 battleaxe
 w - a +0 blowgun
 F - the +1 long sword "Sobbiwiv" {drain, rF+}
   (You found it on level 5 of the Dungeon)

   A truly terrible weapon, it drains the life of those it strikes.
   It protects you from fire.
Missiles
 d - 3 throwing nets {!*}
 m - 11 javelins (quivered)
 p - 162 arrows
 q - 5 curare-tipped needles
 x - 152 sling bullets
 y - 68 bolts
 X - 4 needles of confusion
Armour
 c - a +1 hat (worn)
 B - a +2 cloak of invisibility (worn)
 O - quicksilver dragon scales (worn)
 U - a +0 buckler
Jewellery
 g - an uncursed ring of ice
 j - a +4 ring of intelligence
 k - a +3 ring of protection (right hand)
 z - a +2 ring of protection
 G - a +2 ring of slaying (left hand)
 P - an amulet of guardian spirit (around neck)
 T - an uncursed ring of positive energy
 V - an uncursed amulet of faith
Wands
 s - a wand of lightning (7/15)
 D - a wand of acid (1/15)
 J - a wand of iceblast (6/15)
 M - a wand of disintegration (14/24)
 Y - a wand of iceblast (10/15)
Scrolls
 b - 8 scrolls of teleportation
 i - 4 scrolls of magic mapping
 l - 3 scrolls of remove curse
 u - 3 scrolls of fear
 E - 6 scrolls of blinking
 L - 2 scrolls of immolation
 Q - a scroll of fog
Potions
 e - 5 potions of haste
 h - a potion of invisibility {unknown}
 r - 2 potions of resistance
 t - 2 potions of lignification {unknown}
 v - 3 potions of heal wounds
 C - 2 potions of curing {unknown}
 H - a potion of brilliance {unknown}
 I - 3 potions of magic
 K - 2 potions of flight {unknown}
 R - a potion of cancellation {unknown}
 W - a potion of agility {unknown}
 Z - 4 potions of ambrosia
Comestibles
 f - 11 bread rations
 n - 11 meat rations
 A - 4 royal jellies
 N - a fruit
 S - 2 chunks of flesh


   Skills:
 - Level 11.0 Fighting
 * Level 6.2 Axes
 - Level 2.0 Throwing
 - Level 2.3 Armour
 * Level 11.3 Dodging
 * Level 9.4 Invocations
 * Level 8.5 Evocations


You had 10 spell levels left.
You didn't know any spells.

Dungeon Overview and Level Annotations

Branches:
Dungeon (12/15)            Temple (0/1) D:5            Lair (0/6) D:8
    Orc (0/2) D:10

Altars:
Dithmenos
Fedhas
Kikubaaqudgha
Makhleb
Nemelex Xobeh
Okawaru
Qazlal
Ru
Xom
Zin
The Shining One


Innate Abilities, Weirdness & Mutations

You reflexively headbutt those who attack you in melee.
You have a pair of horns on your head.


Message History

The hippogriff completely misses you.
There is a stone staircase leading up here.
Something hits you but does no damage. The war gargoyle barely misses you.
You furiously retaliate!
You headbutt the war gargoyle! The hippogriff misses you.
The hippogriff closely misses you. The hippogriff misses you.
You climb upwards.
There is a stone staircase leading down here.
You hit the war gargoyle but do no damage.
You headbutt the war gargoyle, but do no damage.
The war gargoyle is lightly damaged.
You flicker for a moment.
The war gargoyle completely misses you. You furiously retaliate!
You headbutt the war gargoyle, but do no damage.
You hit the war gargoyle but do no damage.
The war gargoyle is lightly damaged.
The war gargoyle hits you with a flail!
* * * LOW HITPOINT WARNING * * *
The war gargoyle hits you with a flail!!
You die...

'.....#..#.........#..#......#
##...##..#.........#..#......#
##...########'###'##..#......#
#.......#.....#......#......#
#.......#.....#......#......#
#..)#######'##########......#
#...#.......................#
######.......................#
...............9@............#
.............................####
......###+###'##'######..........
......#...............#..........
#######...............+..........
......#...........##+##..........
......+...........##..#..........
##+####..######...##..#......####
##...##..######...##..#......#


You could see a war gargoyle.

Vanquished Creatures
  Fannar (D:12)
  6 two-headed ogres
  An unseen horror (D:11)
  Pikel (D:8)
  The ghost of zeros the Skirmisher, a novice FoFi (D:10)
  2 cyclopes
  A gargoyle (D:12)
  A centaur skeleton (D:10)
  A troll (D:12)
  A hornet (D:9)
  2 hippogriffs
  A vampire (D:11)
  A wraith (D:11)
  A wyvern (D:11)
  2 humans (D:8)
  11 yaks
  Menkaure (D:7)
  2 wargs (D:10)
  4 orc warriors
  3 slaves (D:8)
  A black bear (D:10)
  3 ogres
  5 phantoms
  3 centaurs
  6 big kobolds
  2 bullfrogs (D:9)
  2 water moccasin zombies
  4 scorpions
  8 killer bees (D:10)
  3 wights (D:12)
  A howler monkey (D:8)
  8 crimson imps
  A bullfrog zombie (D:6)
  A quasit (D:7)
  A bullfrog skeleton (D:5)
  7 hounds
  3 jellies
  3 orc priests
  Crazy Yiuf (D:2)
  6 orc wizards
  5 iguanas
  9 worker ants
  3 killer bee zombies
  2 hound skeletons
  A worker ant zombie (D:5)
  A howler monkey zombie (D:10)
  3 gnolls (D:2)
  4 adders
  A shadow imp (D:6)
  An ooze (D:1)
  3 worms
  A dart slug (D:1)
  10 leopard geckos
  18 orcs
  4 ball pythons
  7 bats
  6 giant cockroaches
  3 goblins
  6 hobgoblins
  13 jackals
  A quokka (D:12)
  A ball python skeleton (D:4)
  2 frilled lizards
  26 kobolds
  A leopard gecko skeleton (D:5)
  5 rats
250 creatures vanquished.

Vanquished Creatures (collateral kills)
  An acid dragon (D:12)
1 creature vanquished.

Vanquished Creatures (others)
  A yaktaur captain (D:12)
  A deep troll earth mage (D:12)
  An acid dragon (D:12)
  A slave (D:8)
4 creatures vanquished.

Grand Total: 255 creatures vanquished

Notes
Turn   | Place    | Note
-------+----------+-------------------------------------------
     0 | D:1      | Chiseanne the Minotaur Gladiator began the quest for the Orb.
     0 | D:1      | Reached XP level 1. HP: 18/18 MP: 0/0
   148 | D:1      | Reached XP level 2. HP: 16/25 MP: 1/1
   360 | D:1      | Reached skill level 1 in Armour
   791 | D:2      | Reached XP level 3. HP: 27/30 MP: 2/2
  1249 | D:2      | Reached XP level 4. HP: 30/38 MP: 3/3
  1831 | D:2      | Found a burning altar of Makhleb.
  1906 | D:2      | Became a worshipper of Makhleb the Destroyer
  1978 | D:2      | Found a runed door.
  1982 | D:2      | Noticed Crazy Yiuf
  1992 | D:2      | Killed Crazy Yiuf
  1992 | D:2      | Reached XP level 5. HP: 31/46 MP: 4/4
  2245 | D:3      | Found a glowing silver altar of Zin.
  2457 | D:3      | Found a stormy altar of Qazlal.
  2845 | D:4      | Reached skill level 1 in Invocations
  3037 | D:4      | Reached skill level 1 in Evocations
  3072 | D:4      | Reached XP level 6. HP: 52/52 MP: 4/6
  3292 | D:4      | Reached skill level 5 in Dodging
  3367 | D:4      | Found a blossoming altar of Fedhas.
  3392 | D:4      | You fall through a shaft!
  3392 | D:5      | Entered Level 5 of the Dungeon
  3557 | D:5      | Reached * piety under Makhleb
  3621 | D:4      | Reached skill level 5 in Fighting
  3659 | D:4      | Reached XP level 7. HP: 58/61 MP: 7/7
  4346 | D:5      | Got an ebony long sword
  4385 | D:5      | Found a staircase to the Ecumenical Temple.
  4801 | D:6      | Identified the cursed +1 long sword "Sobbiwiv" {drain, rF+} (You found it on level 5 of the Dungeon)
  4853 | D:6      | Found a sparkling altar of Nemelex Xobeh.
  4990 | D:6      | Reached XP level 8. HP: 70/70 MP: 9/9
  5008 | D:6      | Found a shadowy altar of Dithmenos.
  5340 | D:6      | Found a sacrificial altar of Ru.
  5418 | D:7      | Reached ** piety under Makhleb
  5831 | D:7      | Noticed Menkaure
  5836 | D:7      | Killed Menkaure
  6016 | D:7      | Found an iron altar of Okawaru.
  6073 | D:7      | Noticed a hippogriff
  6079 | D:7      | Killed a hippogriff
  6079 | D:7      | Reached skill level 5 in Invocations
  6240 | D:8      | Found a staircase to the Lair.
  6288 | D:8      | Reached XP level 9. HP: 79/79 MP: 11/11
  6347 | D:8      | Noticed Pikel
  6351 | D:8      | Killed Pikel
  6351 | D:8      | Reached skill level 5 in Evocations
  6588 | D:8      | Found an iron altar of Okawaru.
  6710 | D:8      | Noticed a two-headed ogre
  6714 | D:8      | Killed a two-headed ogre
  7358 | D:9      | Noticed a two-headed ogre
  7363 | D:9      | Killed a two-headed ogre
  7363 | D:9      | Reached XP level 10. HP: 79/91 MP: 10/14
  7374 | D:9      | Noticed a two-headed ogre
  7383 | D:9      | Killed a two-headed ogre
  7858 | D:9      | Found a glowing golden altar of the Shining One.
  7859 | D:9      | Found a shimmering altar of Xom.
  7863 | D:9      | Paralysed by a hornet for 1 turns
  7868 | D:9      | Found an ancient bone altar of Kikubaaqudgha.
  8243 | D:10     | Entered Level 10 of the Dungeon
  8265 | D:10     | Reached *** piety under Makhleb
  8301 | D:10     | Reached skill level 10 in Fighting
  8493 | D:10     | Noticed a cyclops
  8504 | D:10     | Killed a cyclops
  8554 | D:10     | Found a staircase to the Orcish Mines.
  8560 | D:10     | Reached skill level 10 in Dodging
  8871 | D:10     | Reached XP level 11. HP: 101/101 MP: 16/16
  9128 | D:10     | Reached **** piety under Makhleb
  9219 | D:10     | Noticed zeros's ghost (novice FoFi)
  9234 | D:10     | Killed zeros's ghost
  9808 | D:11     | Noticed a two-headed ogre
  9812 | D:11     | Killed a two-headed ogre
 10245 | D:11     | Killed an unseen horror
 10484 | D:12     | Noticed a two-headed ogre
 10488 | D:12     | Killed a two-headed ogre
 10488 | D:12     | Reached skill level 5 in Axes
 10522 | D:12     | Noticed Fannar
 10566 | D:12     | Killed Fannar
 10634 | D:12     | Reached ***** piety under Makhleb
 10670 | D:12     | Noticed a cyan ugly thing
 11167 | D:12     | Noticed a two-headed ogre
 11168 | D:12     | Noticed a war gargoyle
 11168 | D:12     | Noticed a yaktaur captain
 11168 | D:12     | Noticed an orc knight
 11179 | D:12     | Killed a two-headed ogre
 11180 | D:12     | Noticed a deep troll earth mage
 11185 | D:12     | Killed a yaktaur captain
 11193 | D:12     | Killed a deep troll earth mage
 11198 | D:11     | Slain by a war gargoyle

Skill      XL: |  1  2  3  4  5  6  7  8  9 10 11 |
---------------+----------------------------------+-----
Armour         | 1 2 |  2.3
Axes           | 4 6 |  6.2
Fighting       | 3 4 5 7 9 10 11 | 11.0
Dodging        | 4 5 6 7 8 10 11 | 11.3
Invocations    | 1 2 3 5 6 8 9 |  9.4
Evocations     | 1 2 3 4 6 7 8 |  8.5
Throwing       | |  2.0

Action                   |  1- 3 |  4- 6 |  7- 9 | 10-12 || total
-------------------------+-------+-------+-------+-------++-------
Melee: War axe           |    51 |    94 |   204 |   361 ||   710
       Headbutt          |     8 |    22 |    42 |    93 ||   165
Throw: Throwing net      |       |     1 |       |       ||     1
       Javelin           |       |     3 |     2 |     2 ||     7
Invok: Lesser Servant of |       |       |       |     5 ||     5
 Abil: Evoke Invisibilit |       |       |       |     1 ||     1
Evoke: Wand              |       |       |     5 |     4 ||     9
  Use: Scroll            |       |     7 |     9 |     5 ||    21
       Potion            |       |       |       |     2 ||     2
 Stab: Held in net/web   |       |     2 |       |       ||     2
       Invisible         |       |       |       |     2 ||     2
  Eat: Chunk             |     1 |     8 |    10 |    14 ||    33
Armor: Ring mail         |    16 |    34 |    12 |       ||    62
       Chain mail        |       |       |    48 |       ||    48
       Quicksilver drago |       |       |    53 |   166 ||   219
Dodge: Dodged            |    48 |    54 |   171 |   422 ||   695
